 Dungeon Crawl Stone Soup version 0.24-b1-44-g37ad8b309f (webtiles) character file.

Game seed: 3059358287705276365, levelgen mode: deterministic

3511 Mrkan the Grappler (level 9, -6/84 HPs)
             Began as a Troll Monk on Oct 24, 2019.
             Was a Believer of Makhleb.
             Mangled by a two-headed ogre
             ... wielding a +0 giant club
              (20 damage)
             ... on level 9 of the Dungeon.
             The game lasted 00:13:28 (6097 turns).

Mrkan the Grappler (Troll Monk)                     Turns: 6097, Time: 00:13:28

Health: -6/84      AC:  6    Str: 22    XL:     9   Next: 81%
Magic:  8/8        EV:  7    Int:  6    God:    Makhleb [**....]
Gold:   499        SH: 15    Dex: 14    Spells: 8/8 levels left

rFire    . . .     SeeInvis .     - Unarmed
rCold    . . .     Gourm    +   h - +0 large shield
rNeg     . . .     Faith    .   a - +0 robe
rPois    .         Spirit   .   (helmet restricted)
rElec    .         Reflect  .   (no cloak)
rCorr    .         Harm     .   (gloves unavailable)
MR       .....                  (boots unavailable)
Stlth    ++........             (no amulet)
HPRegen  0.64/turn              (no ring)
MPRegen  0.11/turn              (no ring)

@: no status effects
A: large, unfitting armour, claws 3, fast metabolism 3, gourmand, regeneration
1, shaggy fur 1, tough skin 3
a: Minor Destruction, Renounce Religion


You were on level 9 of the Dungeon.
You worshipped Makhleb.
Makhleb was pleased with you.
You were not hungry.

You visited 2 branches of the dungeon, and saw 10 of its levels.

You collected 499 gold pieces.

Inventory:

Missiles
 o - 260 stones (quivered)
 y - 36 poisoned darts
 z - 11 javelins
 I - 8 boomerangs
Armour
 a - a +0 robe (worn)
 g - a +0 shield
 h - a +0 large shield (worn)
 F - a +0 hat of see invisible
 L - a +0 cloak
 O - the +3 cloak of Intack {rF- rN+ MP+9 Dex+8, unknown}
   (You found it on level 8 of the Dungeon)

   It affects your dexterity (+8).
   It makes you vulnerable to fire.
   It protects you from negative energy.
   It affects your magic capacity (+9).
Magical Staves
 P - an uncursed staff of poison {unknown}
Jewellery
 k - a +4 ring of evasion {unknown}
 v - an uncursed ring of positive energy {unknown}
 w - an uncursed amulet of faith
 A - an uncursed ring of poison resistance {unknown}
 E - an uncursed ring of poison resistance {unknown}
 H - a cursed ring of attention {unknown}
Wands
 G - a wand of polymorph (5)
Scrolls
 c - 7 scrolls of identify {unknown}
 e - 5 scrolls of amnesia {unknown}
 j - 4 scrolls of fog {unknown}
 m - 5 scrolls of remove curse {unknown}
 p - a scroll of enchant armour {unknown}
 r - 3 scrolls of noise {unknown}
 u - 3 scrolls of random uselessness {unknown}
 x - a scroll of immolation {unknown}
 B - a scroll of enchant weapon {unknown}
 D - a scroll of magic mapping {unknown}
 K - 2 scrolls of teleportation {unknown}
 M - a scroll of summoning {unknown}
Potions
 d - 3 potions of might {unknown}
 f - a potion of invisibility {unknown}
 i - 2 potions of heal wounds
 l - 5 potions of curing
 n - 3 potions of agility {unknown}
 q - a potion of ambrosia {unknown}
 s - 2 potions of lignification {unknown}
 t - a potion of brilliance {unknown}
 C - a potion of mutation {unknown}
 J - a potion of cancellation {unknown}
 N - a potion of degeneration {unknown}
Comestibles
 b - 23 rations


   Skills:
 + Level 4.3 Fighting
 * Level 4.4 Throwing
 - Level 2.4 Dodging
 - Level 1.0 Stealth
 - Level 6.0 Shields
 - Level 10.4 Unarmed Combat


You had 8 spell levels left.
You didn't know any spells.
Your spell library was empty.

Dungeon Overview and Level Annotations

Branches:
Dungeon (9/15)             Temple (1/1) D:7            Lair (0/6) D:8
    Orc: D:9-12

Altars:
Ashenzari
Cheibriados
Elyvilon
Fedhas
Gozag
Hepliaklqana
Kikubaaqudgha
Makhleb
Okawaru
Qazlal
Ru
Sif Muna
Uskayaw
Vehumet
Xom
Zin
The Shining One

Shops:
D:5 %   D:8 !


Innate Abilities, Weirdness & Mutations

You are too large for most types of armour.
You have claws for hands.
Your metabolism is lightning-fast.
You like to eat raw meat.
Your natural rate of healing is unusually fast.
You are covered in fur. (AC +1)
You have extremely tough skin. (AC +3)


Message History

The quokka twitches its whiskers.
Found a stone staircase leading up.
The quokka twitches its whiskers.
Found a wand of polymorph (10).
The black bear barely misses you. The black bear claws you.
* * * LOW HITPOINT WARNING * * *
You block the black bear's attack. The quokka bites you.
* * * LOW HITPOINT WARNING * * *
There is a stone staircase leading up here.
Unknown command.
You block the quokka's attack. You block the quokka's attack. x2
You block the quokka's attack. The black bear completely misses you.
The black bear claws you.
* * * LOW HITPOINT WARNING * * *
The black bear claws you.
* * * LOW HITPOINT WARNING * * *
The two-headed ogre closely misses you.
The two-headed ogre hits you with a +0 great mace!!
You die...

.#....###....#.#.....#.....
.......#...................
.......#...##...............
...........##...............
.$....##..........#.........
....##.#..........#...#.....
..............<.............
............................
...........@...._.........
...........Oh.............
..........r...............
..........................
..........................
..................<.......
..........................
..........................
.......................


You could see a two-headed ogre, a black bear and a quokka.

Vanquished Creatures
  Pikel (D:4)
  Grinder (D:4)
  Eustachio (D:6)
  Sigmund (D:2)
  A hungry ghost (D:8)
  Edmund (D:4)
  An orc warrior (D:8)
  A sky beast (D:9)
  A black bear (D:8)
  An ogre (D:6)
  A centaur (D:5)
  Blork the orc (D:6)
  2 bullfrogs (D:8)
  2 scorpions (D:8)
  8 howler monkeys
  8 crimson imps
  5 hounds
  Crazy Yiuf (D:7)
  3 orc priests
  2 jellies
  6 orc wizards
  A bullfrog skeleton (D:4)
  2 iguanas
  5 worker ants
  Natasha (thrice) (D:2)
  A worker ant zombie (D:5)
  5 adders
  3 gnolls (D:7)
  A shadow imp (D:9)
  An ooze (D:5)
  An adder zombie (D:5)
  4 worms
  3 dart slugs
  9 leopard geckos
  19 orcs
  3 ball pythons
  4 giant cockroaches
  5 goblins
  8 hobgoblins
  9 jackals
  6 kobolds
  3 quokkas
  8 bats
  4 frilled lizards
  A quokka skeleton (D:4)
  10 rats
168 creatures vanquished.

Vanquished Creatures (others)
  2 orcs (D:4)
2 creatures vanquished.

Grand Total: 170 creatures vanquished

Notes
Turn   | Place    | Note
-------+----------+-------------------------------------------
     0 | D:1      | Mrkan the Troll Monk began the quest for the Orb.
     0 | D:1      | Reached XP level 1. HP: 22/22 MP: 0/0
   162 | D:1      | Reached XP level 2. HP: 29/29 MP: 1/1
   330 | D:1      | Reached XP level 3. HP: 36/36 MP: 2/2
   586 | D:1      | Reached skill level 4 in Unarmed Combat
   833 | D:2      | Reached skill level 1 in Shields
   861 | D:2      | Noticed Natasha
   869 | D:2      | Killed Natasha
   869 | D:2      | Reached XP level 4. HP: 36/44 MP: 3/3
   876 | D:2      | Noticed Natasha
   883 | D:2      | Killed Natasha
   980 | D:2      | Noticed Natasha
   998 | D:2      | Killed Natasha
   998 | D:2      | Reached skill level 5 in Unarmed Combat
   998 | D:2      | Reached XP level 5. HP: 27/50 MP: 4/4
  1006 | D:2      | Noticed Sigmund
  1023 | D:2      | Killed Sigmund
  1023 | D:2      | Reached XP level 6. HP: 16/59 MP: 5/5
  2096 | D:4      | Noticed Pikel
  2100 | D:4      | Reached skill level 6 in Unarmed Combat
  2103 | D:4      | Noticed a slave
  2115 | D:4      | Killed Pikel
  2115 | D:4      | Reached skill level 7 in Unarmed Combat
  2115 | D:4      | Reached XP level 7. HP: 45/66 MP: 6/6
  2312 | D:4      | Noticed Grinder
  2314 | D:4      | Noticed Edmund
  2331 | D:4      | Killed Grinder
  2331 | D:4      | Reached skill level 8 in Unarmed Combat
  2340 | D:4      | Reached XP level 8. HP: 28/74 MP: 7/7
  2354 | D:4      | Killed Edmund
  2719 | D:5      | Entered Level 5 of the Dungeon
  2840 | D:5      | Reached skill level 9 in Unarmed Combat
  3063 | D:5      | Found a snail-covered altar of Cheibriados.
  3203 | D:5      | Found Puvith's Food Shoppe.
  3244 | D:5      | Reached skill level 5 in Shields
  3269 | D:5      | Found a stormy altar of Qazlal.
  3376 | D:6      | Noticed Eustachio
  3453 | D:6      | Killed Eustachio
  3453 | D:6      | Reached skill level 10 in Unarmed Combat
  3470 | D:6      | Reached XP level 9. HP: 43/80 MP: 8/8
  3783 | D:6      | Noticed Blork the orc
  3795 | D:6      | Killed Blork the orc
  4088 | D:7      | Found a staircase to the Ecumenical Temple.
  4105 | Temple   | Entered the Ecumenical Temple
  4248 | Temple   | Became a worshipper of Makhleb the Destroyer
  4248 | Temple   | Reached * piety under Makhleb
  4248 | Temple   | Reached ** piety under Makhleb
  4525 | D:7      | Found a sacrificial altar of Ru.
  4844 | D:7      | Found a runed translucent door.
  4845 | D:7      | Noticed Crazy Yiuf
  5075 | D:7      | Killed Crazy Yiuf
  5119 | D:8      | Reached skill level 1 in Throwing
  5204 | D:8      | Found Usuleag's Distillery.
  5236 | D:8      | Got a twisted cloak
  5437 | D:8      | Found a staircase to the Lair.
  6062 | D:9      | Noticed a two-headed ogre
  6063 | D:9      | Found a shattered altar of Ashenzari.
  6097 | D:9      | Mangled by a two-headed ogre

Skill      XL: |  1  2  3  4  5  6  7  8  9 |
---------------+----------------------------+-----
Unarmed Combat | 4 5 7 8 10 | 10.4
Shields        | 1 2 3 4 5 6 |  6.0
Fighting       | 4 |  4.3
Throwing       | 4 |  4.4
Dodging        | |  2.4
Stealth        | |  1.0

Action                   |  1- 3 |  4- 6 |  7- 9 || total
-------------------------+-------+-------+-------++-------
Melee: Unarmed           |   127 |    79 |   347 ||   553
 Stab: Sleeping          |     1 |     2 |     2 ||     5
       Confused          |       |       |     1 ||     1
       Paralysed         |       |       |     1 ||     1
  Eat: Chunk             |    14 |     5 |    43 ||    62
Armor: Robe              |    51 |    15 |    76 ||   142
       Skin              |       |       |     3 ||     3
Dodge: Dodged            |    34 |    16 |    85 ||   135
Block: Large shield      |    43 |    55 |   271 ||   369
